 Dungeon Crawl Stone Soup version 0.27-a0-1312-g5cdb2b3542 (webtiles) character file.

Game seed: 10638311823602801730

16 barkas the Caller (level 2, 0/24 HPs)
             Began as a Naga Summoner on June 19, 2021.
             Slain by a gnoll (9 damage)
             ... on level 1 of the Dungeon.
             The game lasted 00:00:53 (1099 turns).

barkas the Caller (Naga Summoner)                   Turns: 1099, Time: 00:00:54

Health: 0/24       AC:  1    Str: 10    XL:     2   Next: 54%
Magic:  1/5        EV:  9    Int: 15    God:
Gold:   48         SH:  0    Dex: 11    Spells: 4/5 levels left

rFire    . . .     SeeInvis +   e - +0 short sword
rCold    . . .     Faith    .   (no shield)
rNeg     . . .     Spirit   .   a - +0 robe
rPois    +         Reflect  .   (no helmet)
rElec    .         Harm     .   (no cloak)
rCorr    .         Rampage  .   (no gloves)
Will     .....                  (no barding)
Stlth    ++........             (no amulet)
HPRegen  0.08/turn              (no ring)
MPRegen  0.09/turn              (no ring)

@: short of breath, very slow
A: AC +0, large, see invisible, deformed body, poison resistance, slowness 2,
spit poison 1, naga tail 1
a: Spit Poison


You were on level 1 of the Dungeon.
You visited 1 branch of the dungeon, and saw 2 of its levels.

You collected 48 gold pieces.

Inventory:

Hand Weapons
 e - a +0 short sword (weapon)
 g - a +0 long sword
Missiles
 d - 8 poisoned darts
Armour
 a - a +0 robe (worn)
Scrolls
 c - a scroll of acquirement {unknown}
 f - a scroll of fog {unknown}
Potions
 b - 2 potions of curing {unknown}


   Skills:
 + Level 0.6 Fighting
 - Level 1.5 Dodging
 + Level 3.4 Stealth
 + Level 2.1 Spellcasting
 * Level 4.2 Summonings


You had 4 spell levels left.
You knew the following spells:

 Your Spells              Type           Power      Damage    Failure   Level
a - Summon Small Mammal   Summ           56%        N/A       3%          1

Your spell library contained the following spells:

 Spells                   Type           Power      Damage    Failure   Level
 Call Imp                 Summ           14%        N/A       6%          2
 Call Canine Familiar     Summ           14%        N/A       12%         3
 Summon Guardian Golem    Hex/Summ       8%         N/A       26%         3
 Summon Ice Beast         Ice/Summ       8%         N/A       65%         4
 Summon Lightning Spire   Summ/Air       8%         N/A       65%         4


Dungeon Overview and Level Annotations

Branches:
Dungeon (2/15)

Altars:


Innate Abilities, Weirdness & Mutations

Your serpentine skin is tough. (AC +0)
You have supernaturally acute eyesight. (SInv)
Armour fits poorly on your strangely shaped body.
Your system is resistant to poisons. (rPois)
You cover ground very slowly.
You can spit poison.
You have a snake-like lower body.


Message History

A frilled lizard and 3 gnolls come into view.
The frilled lizard hisses angrily.
There is a stone staircase leading up here.
There are monsters nearby!
There are monsters nearby!
The gnoll hits you from afar with a +0 halberd!
Ouch! That really hurt!
The gnoll completely misses you. The frilled lizard closely misses you.
You climb upwards.
There is a stone staircase leading down here.
Casting: Summon Small Mammal (safe; 3% risk of failure)
Confirm with . or Enter, or press ? or * to list all spells.
The gnoll barely misses you.
You swap places.
The gnoll closely misses your rat.
Your rat closely misses the gnoll.
Casting: Summon Small Mammal (safe; 3% risk of failure)
Confirm with . or Enter, or press ? or * to list all spells.
The gnoll hits your rat with a +0 flail!
Your rat dies!
Your rat's corpse disappears in a puff of smoke!
Casting: Summon Small Mammal (safe; 3% risk of failure)
Confirm with . or Enter, or press ? or * to list all spells.
You swap places.
The gnoll barely misses your rat.
Your rat bites the gnoll.
The gnoll hits your rat with a +0 flail!
Your rat dies!
Your rat's corpse disappears in a puff of smoke!
Casting: Summon Small Mammal (safe; 3% risk of failure)
Confirm with . or Enter, or press ? or * to list all spells.
The gnoll hits your rat with a +0 flail!
Your rat dies!
Your rat's corpse disappears in a puff of smoke!
Casting: Summon Small Mammal (safe; 3% risk of failure)
Confirm with . or Enter, or press ? or * to list all spells.
Your rat barely misses the gnoll.
Press: ? - help, Shift-Dir - straight line, f - gnoll
Aim: a gnoll, wielding a +0 flail (lightly wounded, ally target)
The splash of poison hits the gnoll!
The gnoll is poisoned.
The gnoll is severely wounded.
The gnoll hits you with a +0 flail!
You die...

#...#####...# #.#.#.......#......
##.## #...###.#.#.8.8.8.###.###
#.# #.......#.#.......# #.# #.#
#..###..#.####+######.### ##+##
#.........# #.#.......). #...##
#^......### #...###..### .....##
######.## ###.# #..# # .....)##
##.#.### #.###.####
.......####....r@#######.....###.
.....).'........gr.....[.........
.......####....#l########...####.
......## ##...#.# #...# ##
.....## #.###># ##.## # #..[##
#.....# #.# ##'## #.##### #.# #.#
#.# #.###### #.# #.# #.##....


You could see a gnoll (poisoned, ally target), a frilled lizard and 2 friendly
rats.

Vanquished Creatures
  2 bats (D:1)
  4 goblins (D:1)
  2 kobolds (D:1)
  A ball python (D:1)
  A frilled lizard (D:1)
  3 rats (D:1)
13 creatures vanquished.

Vanquished Creatures (collateral kills)
  A kobold (D:1)
  A rat (D:1)
2 creatures vanquished.

Grand Total: 15 creatures vanquished

Notes
Turn   | Place    | Note
-------+----------+-------------------------------------------
     0 | D:1      | barkas the Naga Summoner began the quest for the Orb.
     0 | D:1      | Reached XP level 1. HP: 15/15 MP: 3/3
    11 | D:1      | Found a faded altar of an unknown god.
   332 | D:1      | Reached XP level 2. HP: 24/24 MP: 5/5
  1099 | D:1      | Slain by a gnoll

Illustrated notes

Levels and vault maps discovered:
D:1:      doesnt_arrival_eight_statues, layout_loops_corners,
          hellmonk_ecumenical_altar_crossroads
D:2:      layout_loops_ring

Action                   || total
-------------------------++-------
Melee: Short sword       ||     9
       Unarmed           ||     4
 Cast: Summon Small Mamm ||    11
 Abil: Spit Poison       ||    12
Armor: Robe              ||     4
Dodge: Dodged            ||    16

Table legend: (Time is in decaauts)
 A = Elapsed time spent in this place.
 B = Non-inter-level travel time spent in this place.
 C = Inter-level travel time spent in this place.
 D = Time resting spent in this place.
 E = Time spent auto-exploring this place.
 F = Levels seen in this place.
 G = Mean time per level.
                   A        B        C        D        E       F      G
               +--------+--------+--------+--------+--------+-----+--------+
         Total |   1415 |   1322 |     93 |      0 |   1193 |   2 |  707.5 |
       Dungeon |   1415 |   1322 |     93 |      0 |   1193 |   2 |  707.5 |
               +--------+--------+--------+--------+--------+-----+--------+

Top non-repeatable levels by time:
     D:1: 1413 daAuts
     D:2: 1 daAuts
